 Dungeon Crawl Stone Soup version 0.29.1-1-gd02db6906a (webtiles) character file.

Game seed: 8268634106282955581

2 Kold the Insei (level 1, 0/15 HPs)
             Began as a Demonspawn Transmuter on Oct 19, 2022.
             Slain by a kobold
             ... wielding a +0 dagger
              (3 damage)
             ... on level 1 of the Dungeon.
             The game lasted 00:00:37 (420 turns).

Kold the Insei (Demonspawn Transmuter)               Turns: 420, Time: 00:00:37

Health: 0/15       AC:  2    Str: 10    XL:     1   Next: 33%
Magic:  2/3        EV: 12    Int: 14    God:
Gold:   24         SH:  0    Dex: 13    Spells: 3/4 levels left

rFire   . . .      SeeInvis .     - Unarmed
rCold   . . .      Faith    .   (no shield)
rNeg    . . .      Spirit   .   a - +0 robe
rPois   .          Reflect  .   (helmet currently unavailable)
rElec   .          Harm     .   (no cloak)
rCorr   .          Rampage  .   (no gloves)
Will    .....                   (boots currently unavailable)
Stlth   +.........              (no amulet)
HPRegen 0.05/turn               (no ring)
MPRegen 0.08/turn               (no ring)

@: appendages
A: horns 2, talons 2
a: End Transformation


You were on level 1 of the Dungeon.
You had temporarily grown beastly horns and talons.
You visited 1 branch of the dungeon, and saw 1 of its levels.

You collected 24 gold pieces.

Inventory:

Armour
 a - a +0 robe (worn)
Potions
 b - a potion of lignification
 c - a potion of brilliance {unknown}
 d - a potion of mutation {unknown}


   Skills:
 + Level 1.0 Fighting
 + Level 1.8 Dodging
 + Level 2.7 Unarmed Combat
 + Level 2.0 Spellcasting
 + Level 1.8 Transmutations


You had 3 spell levels left.
You knew the following spells:

 Your Spells              Type           Power      Damage    Failure   Level
a - Beastly Appendage     Tmut           12%        N/A       11%         1

Your spell library contained the following spells:

 Spells                   Type           Power      Damage    Failure   Level
 Wereblood                Tmut           6%         N/A       17%         2
 Passwall                 Tmut/Erth      3%         N/A       24%         2
 Ensorcelled Hibernation  Hex/Ice        2%         N/A       34%         2
 Spider Form              Tmut/Pois      4%         N/A       43%         3
 Swiftness                Air            1%         N/A       56%         3
 Ice Form                 Ice/Tmut       4%         N/A       85%         4


Dungeon Overview and Level Annotations

Branches:
Dungeon (1/15)

Altars:


Innate Abilities, Weirdness & Mutations

You have temporarily grown beastly horns and talons.


Message History

You see here a bat corpse.
You are too injured to fight recklessly!
Key pressed, stopping explore.
HP restored.
You now have 13 gold pieces.
c - a black potion You start waiting.
Done waiting.
You now have 24 gold pieces (gained 11).
d - a fuming red potion A gnoll comes into view.
It is wielding a +0 club.
The gnoll shouts!
A bat comes into view.
The bat moves out of view.
A gnoll is nearby!
A gnoll is nearby!
A kobold comes into view. It is wielding a +0 dagger.
The bat barely misses you.
You hit the gnoll but do no damage. The bat hits you but does no damage.
The gnoll misses you.
You hit the gnoll.
The gnoll is lightly wounded.
The bat hits you but does no damage. The gnoll barely misses you.
You hit the gnoll.
The gnoll is moderately wounded.
The kobold barely misses you. The gnoll hits you with a +0 club!
The kobold attacks as you move away! The kobold hits you with a +0 dagger.
The gnoll attacks as you move away! The gnoll hits you but does no damage.
The kobold attacks as you move away! The kobold hits you but does no damage.
The kobold attacks as you move away! The kobold misses you.
Sorry, you're not good enough to have a special ability.
You closely miss the kobold. The kobold barely misses you.
Casting: Beastly Appendage (safe; 11% risk of failure)
Confirm with . or Enter, or press ? or * to list all spells.
You grow a pair of large bovine horns.
Your feet morph into talons.
The kobold hits you but does no damage.
You hit the kobold but do no damage. The kobold hits you with a +0 dagger.
* * * LOW HITPOINT WARNING * * *
You hit the kobold but do no damage. The kobold hits you with a +0 dagger.
You die...

##≈ .# ## ##.# . # ... ...
###### ####.. #.# ........
#. ..# #.# .######. #. #.#
###.####.## ##≈
######.##b###.........# #≈♣
.........gK@..........# #..≈
.........####.........##>.#.
........## #...............
........# #...............
........# ####.............
........####...........)....
.............>....>.........
...###... ..................
.## #... ...#.....(..#...#.


You could see a gnoll, a bat and a kobold.

Vanquished Creatures
  A bat (D:1)
  A goblin (D:1)
  2 toadstools (D:1)
4 creatures vanquished.

Vanquished Creatures (others)
  2 toadstools (D:1)
2 creatures vanquished.

Grand Total: 6 creatures vanquished

Notes
Turn   | Place    | Note
-------+----------+-------------------------------------------
     0 | D:1      | Kold the Demonspawn Transmuter began the quest for the Orb.
     0 | D:1      | Reached XP level 1. HP: 15/15 MP: 3/3
   420 | D:1      | Slain by a kobold

Illustrated notes

Levels and vault maps discovered:
D:1:      ldierk_water_garden, layout_rooms,
          chequers_ecumenical_altar_simple_redux

Action                   || total
-------------------------++-------
Melee: Unarmed           ||    21
 Cast: Beastly Appendage ||     1
Armor: Robe              ||    10
Dodge: Dodged            ||    20
